 Dungeon Crawl Stone Soup version 0.27.0-1-g7a089689b8 (webtiles) character file.

Game seed: 3608231283165679878

9315 puppykicker the Cleaver (level 11, -1/89 HPs)
             Began as a Palentonga Berserker on Aug 13, 2021.
             Was an Elder of Trog.
             Slain by an ice beast (8 damage)
             ... summoned by Fannar
             ... on level 11 of the Dungeon.
             The game lasted 00:47:33 (13819 turns).

puppykicker the Cleaver (Palentonga Berserker)     Turns: 13819, Time: 00:47:34

Health: -1/89      AC: 17    Str: 23    XL:     11   Next: 21%
Magic:  11/11      EV: 12    Int:  8    God:    Trog [****..]
Gold:   226        SH:  0    Dex: 16    Spells: 10/10 levels left

rFire    . . .     SeeInvis +   a - +0 war axe
rCold    . . .     Faith    .   (no shield)
rNeg     + . .     Spirit   .   d - +0 acid dragon scales
rPois    .         Reflect  .   u - +0 helmet
rElec    .         Harm     .   n - +0 cloak
rCorr    +         Rampage  .   (no gloves)
Will     ++...                  (no barding)
Stlth    +.........             (no amulet)
HPRegen  1.24/turn              w - +6 ring of dexterity
MPRegen  0.12/turn              N - ring of positive energy {rN+}

@: mighty, strong-willed, on berserk cooldown, regenerating, slowed, curled up,
very slow
A: large, rugged brown scales 3, see invisible, deformed body, roll 1, armoured
tail, reflexive curl
a: Rolling Charge, Renounce Religion, Berserk, Trog's Hand, Brothers in Arms


You were on level 11 of the Dungeon.
You worshipped Trog.
Trog was greatly pleased with you.
You visited 1 branch of the dungeon, and saw 11 of its levels.

You collected 716 gold pieces.
You spent 490 gold pieces at shops.

Inventory:

Hand Weapons
 a - a +0 war axe (weapon)
 b - a +0 longbow
 H - a +2 scimitar of flaming
Missiles
 e - 186 arrows
 h - 67 poisoned darts
 Q - 96 bolts
Armour
 d - +0 acid dragon scales (worn)
 n - a +0 cloak (worn)
 u - a +0 helmet (worn)
 v - a +0 plate armour
 G - a +1 chain mail of positive energy {rN+}
Jewellery
 w - a +6 ring of dexterity (left hand)
 C - a ring of resist corrosion
 N - a ring of positive energy (right hand) {rN+}
Wands
 j - a wand of flame (18)
 A - a wand of paralysis (4)
Scrolls
 i - 2 scrolls of vulnerability {unknown}
 l - a scroll of holy word {!r}
 o - 2 scrolls of enchant weapon
 p - a scroll of brand weapon
 t - 2 scrolls of teleportation
 x - 2 scrolls of silence
 y - 2 scrolls of magic mapping {!r}
 B - a scroll of blinking {!r}
 F - a scroll of enchant armour {unknown}
Potions
 c - 6 potions of lignification {!q}
 f - 4 potions of curing
 g - 2 potions of haste
 m - 2 potions of berserk rage {!q}
 q - 3 potions of might
 r - 3 potions of mutation {!q}
 s - 3 potions of invisibility
 D - a potion of flight
 E - a potion of attraction {!q}


   Skills:
 + Level 7.5 Fighting
 * Level 13.1 Axes
 + Level 5.8 Armour
 + Level 5.8 Dodging


You had 10 spell levels left.
You didn't know any spells.
Your spell library was empty.

Dungeon Overview and Level Annotations

Branches:
Dungeon (11/15)            Temple (0/1) D:6            Lair (0/6) D:10
    Orc (0/2) D:10

Altars:
Ashenzari
Cheibriados
Dithmenos
Fedhas
Nemelex Xobeh
Trog
Uskayaw
Wu Jian
Xom
Zin
The Shining One

Shops:
D:1 *   D:9 !

Annotations:
D:5 1 runed translucent door, need digging
D:11 Fannar


Innate Abilities, Weirdness & Mutations

You are completely covered in rugged brown scales. (AC +3, +7% HP)
You have supernaturally acute eyesight. (SInv)
Armour fits poorly on your strangely shaped body.
You can roll at nearby foes to attack.
You have a long armoured tail.
You curl defensively after being hit.


Message History

You hit Fannar but do no damage. You barely miss the ice beast.
The ice beast hits you but does no damage.
Fannar casts a spell.
Fannar drains the heat from the surrounding environment!
* * * LOW HITPOINT WARNING * * *
You take 30 damage, and have 15/133 hp.
MASSIVE DAMAGE!!
You feel much better. The ice beast hits you.
* * * LOW HITPOINT WARNING * * *
The ice beast freezes you!
* * * LOW HITPOINT WARNING * * *
Fannar hits you but does no damage.
You regained 16 hp, and now have 31/133 hp.
You feel much better.
You feel less wooden.
Your +0 cloak unmelds from your body.
Your +0 helmet unmelds from your body.
Your +0 acid dragon scales unmelds from your body.
The ice beast misses you.
Fannar says, "Does this not give you the chills?"
Fannar hits you with a +0 quarterstaff of freezing!
* * * LOW HITPOINT WARNING * * *
Fannar freezes you.
* * * LOW HITPOINT WARNING * * *
The ice beast hits you but does no damage.
Fannar hits you but does no damage.
You now have 29/89 hp.
Okay, then.
Unknown command.
Okay, then.
The ice beast barely misses you.
Fannar gestures wildly while chanting.
Fannar drains the heat from the surrounding environment!
* * * LOW HITPOINT WARNING * * *
Items here: ! (( ) [.
You take 23 damage, and have 6/89 hp.
MASSIVE DAMAGE!!
The ice beast hits you.
* * * LOW HITPOINT WARNING * * *
The ice beast freezes you!
You die...

#.# ..........# #.#
........####
#.#######..(....).
#...Y.eo..........
#.#######..#.#####
#.# #)##.# #.# #.#
.#
#.#######.##o#...
###@#..............
#.(.Ye.<..#.##(#.#
##.####.#.#.# .e
#.# #.#.#.# #.#
#.#+#.. #.# .......
#.# #...≈≈.......
#.# #...≈≈≈.....#
#.# #.....≈......


You could see Fannar and an ice beast (summoned).

Levels and vault maps discovered:
D:1:      ncdulo_halloftheorcs, layout_loops_corners, serial_shops, shop,
          ebering_ecumenical_altar_petrified
D:2:      layout_basic, grunt_ministairs_4, uniq_jessica
D:3:      layout_loops_ring, slow_altar_2, gammafunk_temple_overflow_wave,
          minmay_liquid_box, uniq_sigmund
D:4:      layout_loops_ring, trog_ov_bears_minmay, chequers_mini_garden,
          uniq_edmund
D:5:      wander_river, layout_basic, nicolae_uskayaw_en_pointe,
          zin_scriptorium, nicolae_wu_jian_immortal_techniques,
          ebering_ghost_sewer_f, corexii_corridor_pit,
          minmay_fractal_squares_gapless_5
D:6:      layout_basic, minmay_temple_entry_mini_moons, feat_on_display
D:7:      layout_layer_cave, grunt_dithmenos_shadows, uniq_crazy_yiuf_cottage
D:8:      layout_loops_cross, mainiacjoe_overflow_alcove_2,
          nicolae_ashenzari_panopticon, mainiacjoe_overflow_alcove_1,
          minmay_misc_feat_chi
D:9:      layout_loops_ring, serial_shops, shop
D:10:     layout_stronghold, grunt_lair_entry_orc_guard_hut, erik_orc_3,
          uniq_erica
D:11:     layout_basic, uniq_urug, uniq_sonja, uniq_gastronok, uniq_fannar

Notes
Turn   | Place    | Note
-------+----------+-------------------------------------------
     0 | D:1      | puppykicker the Palentonga Berserker began the quest for
                  | the Orb.
     0 | D:1      | Reached XP level 1. HP: 19/19 MP: 1/1
    55 | D:1      | Identified a +0 club
   160 | D:1      | Identified a +0 robe
   182 | D:1      | Identified a +0 dagger
   294 | D:1      | Found Feqiac's General Store.
   301 | D:1      | Reached XP level 2. HP: 23/25 MP: 2/2
   315 | D:1      | Identified a +0 club
   328 | D:1      | Found a faded altar of an unknown god.
   427 | D:1      | Identified a +0 whip
   443 | D:1      | Reached skill level 4 in Axes
   444 | D:1      | HP: 5/25 [kobold (5)]
   710 | D:1      | Identified a +0 dagger
   796 | D:1      | Identified a +0 club
  1060 | D:1      | Identified a +0 leather armour
  1072 | D:1      | Reached XP level 3. HP: 24/31 MP: 3/3
  1386 | D:1      | Bought a scroll of identify for 28 gold pieces
  1386 | D:1      | Bought a scroll of noise for 14 gold pieces
  1386 | D:1      | Identified a potion of degeneration
  1387 | D:1      | Identified a potion of lignification
  1389 | D:1      | Identified a potion of brilliance
  1543 | D:2      | Reached ** piety under Trog
  1562 | D:2      | HP: 10/46 [poisoned by an adder]
  1568 | D:2      | HP: 6/31 [poisoned by an adder]
  1764 | D:2      | Identified a +0 club
  1764 | D:2      | Identified a +0 robe
  1764 | D:2      | Noticed Jessica
  1773 | D:2      | Killed Jessica
  1774 | D:2      | Reached skill level 5 in Axes
  1774 | D:2      | Reached XP level 4. HP: 29/37 MP: 4/4
  1858 | D:2      | Identified a +0 dagger
  1870 | D:2      | Identified a +0 club
  1896 | D:2      | Identified a +0 short sword
  2019 | D:1      | Bought a scroll of identify for 28 gold pieces
  2019 | D:1      | Identified 2 potions of haste
  2407 | D:3      | Identified a +0 whip
  2407 | D:3      | Identified a +0 falchion
  2407 | D:3      | Identified a +0 ring mail
  2407 | D:3      | Identified a +0 club
  2407 | D:3      | Identified a +0 chain mail
  2407 | D:3      | Identified a +0 dagger
  2407 | D:3      | Identified a +0 robe
  2407 | D:3      | Identified a +0 dagger
  2407 | D:3      | Identified a +0 robe
  2407 | D:3      | Identified a +0 mace
  2407 | D:3      | Identified a +0 leather armour
  2408 | D:3      | Identified a +0 scythe
  2408 | D:3      | Identified a +0 robe
  2408 | D:3      | Noticed Sigmund
  2408 | D:3      | Identified a +0 whip
  2408 | D:3      | Identified a +0 ring mail
  2436 | D:2      | HP: 11/55 [orc wizard/puff of flame (8)]
  2438 | D:2      | Reached XP level 5. HP: 13/43 MP: 5/5
  2838 | D:3      | Reached skill level 6 in Axes
  2868 | D:3      | Identified a scroll of holy word
  2956 | D:3      | Identified a +1 dagger of draining
  3001 | D:3      | Identified a +0 scale mail
  3009 | D:3      | Killed Sigmund
  3010 | D:3      | Reached skill level 7 in Axes
  3010 | D:3      | Reached XP level 6. HP: 50/50 MP: 6/6
  3018 | D:3      | Identified a scroll of blinking
  3019 | D:3      | Identified a scroll of teleportation
  3155 | D:3      | Identified a +0 club
  3155 | D:3      | Identified a +1 vorpal flail
  3155 | D:3      | Identified a +0 flail
  3156 | D:3      | Identified a +0 club
  3392 | D:3      | Identified a +0 club
  3401 | D:3      | Identified a +0 club
  3435 | D:3      | Identified a ring of positive energy
  3480 | D:3      | Identified a +0 club
  3542 | D:3      | Identified a +0 spear
  3542 | D:3      | Identified a +0 spear
  3544 | D:3      | Identified a +0 club
  3544 | D:3      | Identified a +0 flail
  3764 | D:3      | Found a snail-covered altar of Cheibriados.
  3995 | D:3      | Found a glowing golden altar of the Shining One.
  3995 | D:3      | Found a sparkling altar of Nemelex Xobeh.
  4076 | D:4      | Identified a +0 mace of holy wrath
  4078 | D:4      | Identified a +0 dagger
  4078 | D:4      | Identified a +0 robe
  4079 | D:4      | Identified a +1 dagger of freezing
  4079 | D:4      | Identified a +0 robe
  4079 | D:4      | Identified a +0 morningstar of protection
  4079 | D:4      | Identified a +0 flail
  4082 | D:4      | Identified a +0 flail
  4088 | D:4      | Reached skill level 8 in Axes
  4090 | D:4      | Gained mutation: You curl defensively after being hit.
                  | [Palentonga growth]
  4090 | D:4      | Reached XP level 7. HP: 55/55 MP: 7/7
  4095 | D:4      | Reached *** piety under Trog
  4105 | D:4      | Reached skill level 9 in Axes
  4132 | D:4      | Identified 3 scrolls of amnesia
  4191 | D:4      | Found a bloodstained altar of Trog.
  4214 | D:4      | Identified a +0 mace
  4358 | D:4      | Identified a +1 flail of venom
  4358 | D:4      | Identified a +1 ring mail of cold resistance
  4358 | D:4      | Noticed Edmund
  4367 | D:4      | Killed Edmund
  4368 | D:4      | HP: 20/82 [poisoned by Edmund]
  4373 | D:4      | HP: 12/55 [poisoned by Edmund]
  4621 | D:4      | Identified 3 scrolls of magic mapping
  4851 | D:4      | Reached XP level 8. HP: 43/62 MP: 8/8
  5006 | D:4      | Identified a +0 morningstar
  5011 | D:4      | Identified 3 scrolls of silence
  5109 | D:5      | Entered Level 5 of the Dungeon
  5171 | D:5      | Found a runed translucent door.
  5171 | D:5      | Noticed garrulousMonolith's ghost (amateur HOFi)
  5172 | D:5      | Identified a +0 spear
  5172 | D:5      | Noticed a +0 spear
  5172 | D:5      | Identified a +0 short sword
  5172 | D:5      | Noticed a +0 short sword
  5174 | D:5      | Identified a +0 falchion
  5174 | D:5      | Noticed a +0 falchion
  5174 | D:5      | Identified a +0 dagger
  5174 | D:5      | Noticed a +0 dagger
  5175 | D:5      | Identified a +0 short sword
  5175 | D:5      | Noticed a +0 short sword
  5175 | D:5      | Identified a +0 dagger
  5175 | D:5      | Noticed a +0 dagger
  5181 | D:5      | Identified a +0 falchion
  5181 | D:5      | Noticed a +0 falchion
  5199 | D:5      | Reached skill level 2 in Armour
  5199 | D:5      | Reached skill level 2 in Dodging
  5307 | D:5      | Identified a +0 spear
  5307 | D:5      | Noticed a +0 spear
  5312 | D:5      | Identified a +0 falchion
  5312 | D:5      | Identified a +0 leather armour
  5319 | D:5      | Found a hide-covered altar of Uskayaw.
  5335 | D:5      | Identified a +0 hand axe
  5335 | D:5      | Identified a +0 ring mail
  5335 | D:5      | Identified a +0 flail
  5336 | D:5      | Identified a +0 dagger
  5336 | D:5      | Identified a +0 robe
  5337 | D:5      | Identified a +0 club
  5338 | D:5      | Identified a +0 dagger
  5338 | D:5      | Identified a +0 robe
  5538 | D:5      | Found a runed translucent door.
  5567 | D:5      | Identified a +0 giant spiked club
  5575 | D:5      | Reached skill level 10 in Axes
  5594 | D:5      | Identified a +0 mace
  5717 | D:5      | Identified a scroll of immolation
  5726 | D:5      | Identified a +0 giant club
  5737 | D:5      | Reached skill level 4 in Fighting
  5898 | D:5      | Identified a +0 dagger of draining
  5927 | D:5      | Identified a +0 cloak
  6154 | D:5      | Found a glowing silver altar of Zin.
  6321 | D:5      | Found an ornate altar of the Wu Jian Council.
  6369 | D:5      | Reached skill level 3 in Armour
  6369 | D:5      | Reached skill level 3 in Dodging
  6446 | D:4      | Killed garrulousMonolith's ghost
  6447 | D:4      | Reached XP level 9. HP: 30/70 MP: 9/9
  6756 | D:6      | Identified a +0 whip
  6756 | D:6      | Identified a +0 leather armour
  6756 | D:6      | Identified a +0 flail
  6756 | D:6      | Identified a +0 whip
  6756 | D:6      | Identified a +0 mace
  6756 | D:6      | Identified a +0 leather armour
  6760 | D:6      | Identified a +0 flail
  6760 | D:6      | Identified a +0 leather armour
  7128 | D:6      | Identified a +0 hunting sling
  7254 | D:6      | Found a staircase to the Ecumenical Temple.
  7811 | D:6      | Identified a +0 helmet
  7824 | D:6      | Identified a +0 plate armour
  7838 | D:6      | Identified a +0 buckler
  7872 | D:6      | Identified a +0 robe
  7934 | D:7      | Identified a +6 ring of dexterity
  7938 | D:7      | Identified 2 potions of might
  7941 | D:7      | Identified a +0 war axe
  7977 | D:7      | Identified a +0 whip of draining
  7978 | D:7      | Identified a +0 club
  7980 | D:7      | Identified a +0 halberd
  7981 | D:7      | Identified a +0 flail
  7990 | D:7      | Reached skill level 5 in Fighting
  7994 | D:7      | Reached skill level 11 in Axes
  8214 | D:7      | Identified a +0 glaive
  8214 | D:7      | Identified a +0 plate armour
  8214 | D:7      | Identified a +0 dagger
  8215 | D:7      | Identified a +2 hand axe of freezing
  8215 | D:7      | Identified a +0 leather armour
  8638 | D:7      | Found a runed translucent door.
  8639 | D:7      | Identified a +3 quarterstaff of chaos
  8639 | D:7      | Identified a +0 cloak
  8639 | D:7      | Noticed Crazy Yiuf
  8662 | D:7      | Identified a +0 whip
  8663 | D:7      | Identified a +0 halberd
  8663 | D:7      | Identified a +0 flail
  8664 | D:7      | Identified a +0 spear
  8664 | D:7      | Identified a +0 ring mail
  8664 | D:7      | Identified a +0 buckler
  8664 | D:7      | Identified a +0 halberd
  8665 | D:7      | Identified a +0 spear
  9176 | D:7      | Reached skill level 4 in Armour
  9176 | D:7      | Reached skill level 4 in Dodging
  9264 | D:7      | Found a shadowy altar of Dithmenos.
  9761 | D:7      | Identified 3 potions of mutation
  9867 | D:7      | Identified a +0 hat
  9979 | D:7      | Killed Crazy Yiuf
  9988 | D:7      | Identified a +0 mace of venom
 10100 | D:8      | Identified a +1 chain mail of positive energy
 10121 | D:8      | Identified a +0 shortbow
 10121 | D:8      | Identified a +0 club
 10121 | D:8      | Identified a +0 hand axe
 10121 | D:8      | Identified a +0 short sword
 10392 | D:8      | Found a blossoming altar of Fedhas.
 10509 | D:8      | Found a shimmering altar of Xom.
 10556 | D:8      | Identified 2 potions of heal wounds
 10588 | D:8      | Found a broken altar of Ashenzari.
 10591 | D:8      | Identified a ring of resist corrosion
 10755 | D:8      | Identified a +2 flail of freezing
 10755 | D:8      | Identified a +0 robe
 10756 | D:8      | Identified a +0 dagger
 10756 | D:8      | Identified a +0 robe
 10756 | D:8      | Identified a +0 hand axe
 10756 | D:8      | Identified a +0 scale mail
 10756 | D:8      | Identified a +0 dagger
 10756 | D:8      | Identified a +0 club
 10756 | D:8      | Identified a +0 dagger
 10756 | D:8      | Identified a +0 robe
 10756 | D:8      | Identified a +0 scimitar
 10756 | D:8      | Identified a +0 robe
 10787 | D:8      | Reached XP level 10. HP: 67/81 MP: 10/10
 10840 | D:8      | Identified a +0 hand axe
 10840 | D:8      | Identified a +0 robe
 10841 | D:8      | Identified a +4 mace
 10841 | D:8      | Identified a +0 robe
 10851 | D:8      | Reached skill level 6 in Fighting
 11217 | D:9      | Found Dogiecam's Distillery.
 11221 | D:9      | Bought a potion of invisibility for 112 gold pieces
 11221 | D:9      | Bought a potion of attraction for 42 gold pieces
 11221 | D:9      | Bought 2 potions of lignification for 84 gold pieces
 11221 | D:9      | Bought 2 potions of might for 112 gold pieces
 11221 | D:9      | Bought a potion of berserk rage for 70 gold pieces
 11297 | D:9      | Identified a +0 shortbow
 11309 | D:9      | Identified a +1 whip of venom
 11536 | D:9      | Identified a +0 club
 11536 | D:9      | Identified a +0 dagger
 11537 | D:9      | Identified a +0 club
 11634 | D:9      | Identified a +0 chain mail
 11655 | D:9      | Identified a potion of flight
 11665 | D:9      | Identified +0 acid dragon scales
 11915 | D:10     | Entered Level 10 of the Dungeon
 11953 | D:10     | Reached skill level 12 in Axes
 11964 | D:10     | Reached **** piety under Trog
 12028 | D:10     | Identified a +0 dagger
 12030 | D:10     | Identified a +0 dagger
 12030 | D:10     | Identified a +0 dagger
 12030 | D:10     | Identified a +0 short sword
 12030 | D:10     | Identified a +0 hand crossbow
 12041 | D:10     | Reached skill level 5 in Armour
 12041 | D:10     | Reached skill level 5 in Dodging
 12286 | D:9      | Identified 5 potions of curing
 12497 | D:10     | Identified a +0 club
 12497 | D:10     | Identified a +0 chain mail
 12499 | D:10     | Identified a +0 dagger
 12499 | D:10     | Identified a +0 robe
 12499 | D:10     | Identified a +0 flail
 12500 | D:10     | Identified a +0 dagger
 12500 | D:10     | Identified a +0 robe
 12512 | D:10     | Identified a +0 dagger
 12516 | D:10     | Identified a +0 club
 12520 | D:10     | Identified a +0 club
 12520 | D:10     | Identified a +0 hunting sling
 12523 | D:10     | Identified a +0 dagger
 12534 | D:10     | Identified a +2 vampiric dagger
 12535 | D:10     | Identified a +0 whip
 12655 | D:10     | Identified a +0 club
 12798 | D:10     | Found a staircase to the Orcish Mines.
 12844 | D:10     | Identified a +0 flail
 12844 | D:10     | Identified a +0 chain mail
 12852 | D:10     | Identified a +2 scimitar of flaming
 12852 | D:10     | Identified a +2 robe of fire resistance
 12852 | D:10     | Noticed Erica
 12867 | D:10     | Killed Erica
 12868 | D:10     | Reached skill level 7 in Fighting
 12885 | D:10     | Identified 2 scrolls of enchant weapon
 12886 | D:10     | Identified a scroll of brand weapon
 12973 | D:10     | Found a staircase to the Lair.
 12973 | D:10     | Identified a +1 trident of protection
 12973 | D:10     | Identified a +0 plate armour
 13169 | D:10     | Identified a +0 mace
 13169 | D:10     | Identified a +0 chain mail
 13172 | D:10     | Identified a +0 dagger
 13172 | D:10     | Identified a +0 robe
 13221 | D:10     | Reached XP level 11. HP: 49/89 MP: 11/11
 13463 | D:10     | Identified a +0 longbow
 13751 | D:11     | Identified a +0 giant spiked club
 13751 | D:11     | Identified a +0 giant club
 13751 | D:11     | Noticed a two-headed ogre
 13758 | D:11     | Killed a two-headed ogre
 13759 | D:11     | Reached skill level 13 in Axes
 13761 | D:11     | Identified a +4 battleaxe
 13761 | D:11     | Identified a +2 scale mail of fire resistance
 13761 | D:11     | Noticed Urug
 13763 | D:11     | Identified a +0 quarterstaff of freezing
 13763 | D:11     | Identified a +1 robe of cold resistance
 13763 | D:11     | Identified a ring of ice
 13763 | D:11     | Noticed Fannar
 13803 | D:11     | Killed Urug
 13815 | D:11     | HP: 15/133 [Fannar/refrigeration (32)]
 13818 | D:11     | HP: 6/89 [Fannar/refrigeration (24)]
 13819 | D:11     | Slain by an ice beast

Table legend: (Time is in decaauts)
 A = Elapsed time spent in this place.
 B = Non-inter-level travel time spent in this place.
 C = Inter-level travel time spent in this place.
 D = Time resting spent in this place.
 E = Time spent auto-exploring this place.
 F = Levels seen in this place.
 G = Mean time per level.
                   A        B        C        D        E       F      G
               +--------+--------+--------+--------+--------+-----+--------+
         Total |  14096 |  13639 |    457 |   5314 |   6321 |  11 | 1281.5 |
       Dungeon |  14096 |  13639 |    457 |   5314 |   6321 |  11 | 1281.5 |
               +--------+--------+--------+--------+--------+-----+--------+

Top non-repeatable levels by time:
     D:7: 1819 daAuts
    D:10: 1649 daAuts
     D:5: 1581 daAuts
     D:1: 1416 daAuts
     D:2: 1393 daAuts
     D:6: 1379 daAuts
     D:4: 1342 daAuts
     D:3: 1311 daAuts
     D:9: 1085 daAuts
     D:8: 1018 daAuts
    D:11: 98 daAuts

Table legend:
 A = Kills in this place as a percentage of kills in entire the game.
 B = Kills by you in this place as a percentage of kills by you in the entire game.
 C = Kills by friends in this place as a percentage of kills by friends in the entire game.
 D = Other kills in this place as a percentage of other kills in the entire game.
 E = Experience gained in this place as a percentage of experience gained in the entire game.
 F = Experience gained in this place divided by the number of levels of this place that you have seen.
                   A       B       C       D       E      F
               +-------+-------+-------+-------+-------+----------------------
         Total | 100.0 | 100.0 |   N/A |   N/A | 100.0 | 1209.8
       Dungeon | 100.0 | 100.0 |   N/A |   N/A | 100.0 | 1209.8
               +-------+-------+-------+-------+-------+----------------------

Skill      XL: |  1  2  3  4  5  6  7  8  9 10 11 |
---------------+----------------------------------+-----
Axes           | 4 5 7 8 9 10 11 12 13 | 13.1
Armour         | 3 4 5 |  5.8
Dodging        | 3 4 5 |  5.8
Fighting       | 4 5 7 |  7.5

Action                   |  1- 3 |  4- 6 |  7- 9 | 10-12 || total
-------------------------+-------+-------+-------+-------++-------
Melee: Hand axe          |   111 |   126 |   273 |       ||   510
       Tailslap          |    11 |    15 |    61 |    31 ||   118
       War axe           |       |       |   126 |   185 ||   311
Throw: Dart              |       |     2 |       |    10 ||    12
Invok: Berserk           |     1 |     7 |    19 |     9 ||    36
       Trog's Hand       |     1 |     3 |     5 |     4 ||    13
 Abil: Rolling Charge    |       |     1 |       |    18 ||    19
  Use: Scroll            |     3 |     4 |     7 |     4 ||    18
       Potion            |       |       |       |     5 ||     5
 Stab: Sleeping          |     1 |       |       |       ||     1
Armor: Animal skin       |    53 |    48 |    11 |       ||   112
       Ring mail         |       |       |   127 |    14 ||   141
       Acid dragon scale |       |       |       |    62 ||    62
       Skin              |       |       |       |     7 ||     7
Dodge: Dodged            |    42 |    66 |   161 |    78 ||   347

Vanquished Creatures
  Erica (D:10)
  A two-headed ogre (D:11)
  Urug (D:11)
  2 komodo dragons (D:10)
  The ghost of garrulousMonolith the Chopper, an amateur HOFi (D:4)
  A troll (D:10)
  Sigmund (D:3)
  7 yaks (D:10)
  A wyvern (D:9)
  Edmund (D:4)
  2 wargs (D:10)
  2 acid dragons
  A hornet zombie (D:6)
  3 orc warriors
  An ice beast (D:6)
  2 sky beasts (D:8)
  4 black bears
  2 ogres (D:5)
  2 centaurs
  A necrophage (D:7)
  4 phantoms
  2 kobold brigands
  5 bullfrogs
  A gnoll sergeant (D:7)
  5 scorpions
  7 killer bees
  5 wights (D:8)
  2 bullfrog zombies
  4 centaur zombies
  6 orc priests
  3 centaur skeletons
  Crazy Yiuf (D:7)
  3 hounds
  A jelly (D:5)
  An iron imp (D:3)
  Jessica (D:2)
  10 orc wizards
  A scorpion zombie (D:5)
  A hound zombie (D:5)
  A hound skeleton (D:5)
  16 gnolls
  2 howler monkey skeletons
  8 adders
  A shadow imp (D:7)
  An ufetubus (D:6)
  4 worms
  2 dart slugs
  26 orcs
  3 ball pythons
  7 endoplasms
  7 giant cockroaches
  10 goblins
  7 hobgoblins
  8 jackals
  4 quokkas
  5 bats
  5 frilled lizards
  11 kobolds
  4 rats
232 creatures vanquished.

Vanquished Creatures (others)
  12 fungi (D:10)
  10 plants
22 creatures vanquished.

Grand Total: 254 creatures vanquished
